 Dungeon Crawl Stone Soup version 0.21-a0-442-g848f44b (webtiles) character file.

42 vishdafish the Charmwright (level 3, 0/27 HPs)
             Began as a Demonspawn Skald on Nov 12, 2017.
             Slain by an adder (4 damage)
             ... on level 2 of the Dungeon.
             The game lasted 00:01:11 (876 turns).

vishdafish the Charmwright (Demonspawn Skald)        Turns: 876, Time: 00:01:12

Health: 0/27       AC:  3    Str: 11    XL:     3   Next: 33%
Magic:  4/6        EV: 12    Int: 15    God:
Gold:   28         SH:  4    Dex: 12    Spells: 5/6 levels left

rFire    . . .     SeeInvis .   a - +0 hand axe
rCold    . . .     Gourm    .   (no shield)
rNeg     . . .     Faith    .   b - +0 leather armour
rPois    .         Spirit   .   (no helmet)
rElec    .         Reflect  .   (no cloak)
rCorr    .         Harm     .   (no gloves)
MR       .....     Rnd*Tele +   (no boots)
Stlth    +.........             (no amulet)
HPRegen  0.09/turn              h - ring of teleportation (curse)
MPRegen  0.10/turn              (no ring)

@: lethally poisoned (0 -> -11), infused
A: large bone plates 1, rot immunity
a: no special abilities


You were on level 2 of the Dungeon.
You were not hungry.

You visited 1 branch of the dungeon, and saw 2 of its levels.

You collected 28 gold pieces.

Inventory:

Hand Weapons
 a - a +0 hand axe (weapon)
Armour
 b - a +0 leather armour (worn)
Jewellery
 h - a cursed ring of teleportation (left hand)
Scrolls
 f - 2 scrolls of fog {unknown}
 i - a scroll of magic mapping {unknown}
 k - a scroll of amnesia {unknown}
Potions
 e - 2 potions of curing
 g - a potion of mutation {unknown}
 j - 2 potions of heal wounds {unknown}
Books
 c - a book of Battle

   Spells                             Type                      Level
   a - Infusion                       Charms                       1
   b - Shroud of Golubria             Charms/Translocation         2
   c - Song of Slaying                Charms                       2
   d - Spectral Weapon                Hexes/Charms                 3
   e - Regeneration                   Charms/Necromancy            3
Comestibles
 d - 2 bread rations


   Skills:
 + Level 2.2 Fighting
 * Level 2.3 Axes
 + Level 1.4 Armour
 + Level 2.0 Dodging
 + Level 2.2 Spellcasting
 + Level 2.9 Charms


You had 5 spell levels left.
You knew the following spells:

 Your Spells              Type           Power        Failure   Level  Hunger
a - Infusion              Chrm           ##..         9%          1    #......


Dungeon Overview and Level Annotations

Branches:
Dungeon (2/15)

Altars:
Gozag


Innate Abilities, Weirdness & Mutations

You are partially covered in large bone plates. (SH +4)
You are immune to rotting.


Message History

You are too injured to fight recklessly!
You are too injured to fight recklessly!
You are too injured to fight recklessly!
You are too injured to fight recklessly!
You are too injured to fight recklessly!
You are too injured to fight recklessly!
You are too injured to fight recklessly!
You are too injured to fight recklessly!
You are too injured to fight recklessly!
You closely miss the adder.
The adder is heavily wounded.
You feel sick. The adder bites you.
* * * LOW HITPOINT WARNING * * *
You are more poisoned.
The adder poisons you!
Your leather armour prevents you from hitting the adder.
The adder is heavily wounded.
* * * LOW HITPOINT WARNING * * *
You feel sick. The adder bites you.
You die...

##
#...#######
#....S@...#
#.....####.#
#.###
####.###
#......#
#....#.#
#..###.#
#......#
##.#####
#+## #.#


You could see an adder.

Vanquished Creatures
  An adder (D:2)
  2 oozes
  2 dart slugs (D:1)
  A leopard gecko (D:1)
  A giant cockroach (D:1)
  A goblin (D:1)
  2 hobgoblins (D:1)
  5 kobolds
  2 bats (D:1)
  3 frilled lizards
  2 rats (D:1)
22 creatures vanquished.

Notes
Turn   | Place    | Note
-------+----------+-------------------------------------------
     0 | D:1      | vishdafish the Demonspawn Skald began the quest for the Orb.
     0 | D:1      | Reached XP level 1. HP: 16/16 MP: 3/3
    76 | D:1      | Reached skill level 1 in Armour
   137 | D:1      | Gained mutation: You are partially covered in large bone plates. (SH +4) [demonic ancestry]
   137 | D:1      | Reached XP level 2. HP: 11/22 MP: 1/5
   821 | D:2      | Gained mutation: You are immune to rotting. [demonic ancestry]
   821 | D:2      | Reached XP level 3. HP: 27/27 MP: 6/6
   823 | D:2      | Found an opulent altar of Gozag.
   876 | D:2      | Slain by an adder

Vault maps used:
D:1:      saegor_arrival_simple_e
D:2:      nicolae_overflow_crystal_walls, chequers_ecumenical_altar_island,
          nicolae_gozag_seed_capital

Skill      XL: |  1  2 |
---------------+-------+-----
Armour         | 1 |  1.4
Axes           | 2 |  2.3
Dodging        | 2 |  2.0
Fighting       | |  2.2
Spellcasting   | |  2.2
Charms         | |  2.9

Action                   || total
-------------------------++-------
Melee: Hand axe          ||    70
 Cast: Infusion          ||     3
  Use: Scroll            ||     1
Armor: Leather armour    ||    14
Dodge: Dodged            ||    49
Block: Other             ||    11

Table legend:
 A = Spawn XP
 B = Non-spawn XP
 C = Spawn XP percentage of total XP
 D = Spawn monster count
 E = Non-spawn monster count
 F = Spawn count percentage of total count
 G = Total turns spent on level
                    A         B        C        D         E        F      G
               +---------+---------+-------+---------+---------+-------+---------
         Total |       0 |      60 |   0.0 |       0 |      22 |   0.0 |   876
               +---------+---------+-------+---------+---------+-------+---------
           D:1 |       0 |      37 |   0.0 |       0 |      18 |   0.0 |   765
           D:2 |       0 |      23 |   0.0 |       0 |       4 |   0.0 |   111
               +---------+---------+-------+---------+---------+-------+---------
